 Dungeon Crawl Stone Soup version 0.19.5 (webtiles) character file.

270 tidbits the Ducker (level 6, -1/42 HPs)
             Began as a High Elf Wanderer on Oct 31, 2017.
             Slain by a centaur (5 damage)
             ... on level 5 of the Dungeon.
             The game lasted 00:08:05 (1071 turns).

tidbits the Ducker (High Elf Wanderer)              Turns: 1071, Time: 00:08:05

Health: -1/42      AC:  5    Str: 14    XL:     6   Next: 1%
Magic:  10/12      EV: 14    Int: 21    God:
Gold:   76         SH:  0    Dex: 15    Spells: 2 memorised, 8 levels left

rFire  + . .     SeeInvis .     a - +0 short sword (venom)
rCold  . . .     Gourm    .     B - +0 ring mail
rNeg   . . .     Faith    .     (no shield)
rPois  .         Spirit   .     (no helmet)
rElec  .         Reflect  .     (no cloak)
rCorr  .         Harm     .     (no gloves)
MR     .....                    (no boots)
Stlth  +.........               (no amulet)
                                s - ring of protection from fire
                                x - +6 ring of intelligence (curse)

@: no status effects
A: no striking features
a: no special abilities


You were on level 5 of the Dungeon.
You were hungry.

You visited 1 branch of the dungeon, and saw 5 of its levels.

You collected 76 gold pieces.

Inventory:

Hand Weapons
 a - a +0 short sword of venom (weapon)
   (You took it off a kobold on level 1 of the Dungeon)
 b - a +0 shortbow
   (You took it off a centaur on level 4 of the Dungeon)
 e - a +2 spear
 j - a +0 hunting sling
   (You found it on level 2 of the Dungeon)
 n - a +0 hand axe
Missiles
 f - 27 bolts
 g - 80 arrows
 h - 15 sling bullets
 i - 7 silver javelins (quivered)
 o - 22 stones
 p - 16 poisoned needles
Armour
 d - a +0 robe
 B - a +0 ring mail (worn)
   (You found it on level 1 of the Dungeon)
Jewellery
 l - an uncursed ring of ice
   (You found it on level 2 of the Dungeon)
 s - a ring of protection from fire (right hand)
   (You found it on level 2 of the Dungeon)
 x - a cursed +6 ring of intelligence (left hand)
   (You found it on level 5 of the Dungeon)
 I - an uncursed ring of see invisible
   (You found it on level 2 of the Dungeon)
 W - an uncursed ring of wizardry
   (You found it on level 3 of the Dungeon)
Wands
 m - a wand of random effects (8/48)
   (You found it on level 2 of the Dungeon)
Scrolls
 k - a scroll of enchant weapon {unknown}
 r - 2 scrolls of remove curse
 v - a scroll of amnesia {unknown}
 w - a scroll of noise {unknown}
 y - a scroll of enchant armour {unknown}
Books
 u - Sif Muna's Volume of Companions

   Spells                             Type                      Level
   a - Summon Butterflies             Summoning                    1
   b - Call Canine Familiar           Summoning                    3
Comestibles
 c - a bread ration
 q - a beef jerky
 t - a slice of pizza


   Skills:
 - Level 3.0 Fighting
 + Level 0.0 Bows
 - Level 6.5 Dodging
   Level 1.0 Shields
 - Level 3.6 Spellcasting
 - Level 1.7 Summonings
 - Level 1.0 Evocations


You had 8 spell levels left.
You knew the following spells:

 Your Spells              Type           Power        Failure   Level  Hunger
c - Call Canine Familiar  Summ           ##......     38%         3    ###....
P - Summon Butterflies    Summ           ##......     14%         1    None


Dungeon Overview and Level Annotations

Branches:
Dungeon (5/15)
 Temple: D:4-7

Altars:
Fedhas
Zin

Shops:
D:4 =

Annotations:
D:4 Grinder


Message History

The worker ant twitches its antennae in your direction.
Grinder gestures at you.
You suddenly lose the ability to move!
Found a flail.
The worker ant bites you but does no damage.
Grinder blinks!
The worker ant bites you.
You are poisoned.
The worker ant poisons you!
You can move again.
Unknown command.
You feel sick.
It was a potion of magic.
Magic courses through your body.
You feel sick. The worker ant misses you.
You hit the worker ant but do no damage.
The worker ant is poisoned.
You feel sick. The worker ant bites you.
You are more poisoned.
The worker ant poisons you!
You feel sick. The worker ant closely misses you.
You barely miss the worker ant.
The worker ant is heavily wounded.
You feel sick. The worker ant completely misses you.
You feel sick.
A worm comes into view.
You feel sick.
You kill the worker ant!
You have reached level 6!
Your experience leads to an increase in your attributes!
Increase (S)trength, (I)ntelligence, or (D)exterity?
You feel stronger.
You feel agile.
Grinder blinks!
Found a scroll labeled VUARIKIVAM.
Unknown command.
Okay, then.
Okay, then.
Casting: Summon Butterflies
Confirm with . or Enter, or press ? or * to list all spells.
You feel sick.
You swap places.
You feel sick.
You feel sick.
You feel sick.
You feel sick.
Casting: Summon Butterflies
Confirm with . or Enter, or press ? or * to list all spells.
You feel sick.
You feel sick.
You feel sick.
You feel sick.
You feel sick.
There is a stone staircase leading down here.
You feel sick.
You climb downwards.
Found 12 arrows, a robe and 2 scrolls labeled HEDGHA NIGGAIQO.
Found a stone staircase leading down.
There is a stone staircase leading up here.
Found a wooden ring.
You feel sick.
g - 80 arrows (gained 12)
Your +0 short sword of venom stops dripping with poison.
b - a +0 shortbow (weapon)
You feel sick.
You feel sick.
x - a wooden ring Put on which piece of jewellery? (? for menu, Esc to quit)
You're wearing all the rings you can.
Remove which one? (? for menu, Esc to cancel) < or
I - a ring of see invisible; > or
s - a ring of protection from fire You remove your ring of see invisible.
You feel sick.
You are no longer poisoned.
You feel clever.
Oops, that ring feels deathly cold.
x - a cursed +6 ring of intelligence (left hand) Put on which piece of jewellery? (? for menu, Esc to quit)
Okay, then.
This spell is slightly dangerous to cast.
Memorise Call Canine Familiar, consuming 3 spell levels and leaving 8?
You are feeling hungry.
You start memorising the spell.
You continue memorising. x3
You finish memorising.
Spell assigned to 'a'.
Adjust (i)tems, (s)pells, or (a)bilities?
Adjust which spell? a - Call Canine Familiar Adjust to which letter? c - Call Canine Familiar A centaur comes into view.
The centaur wields a shortbow.
The centaur shoots an arrow.
The arrow barely misses you.
Found 12 gold pieces.
Casting: Summon Butterflies
Confirm with . or Enter, or press ? or * to list all spells.
Casting: Summon Butterflies
Confirm with . or Enter, or press ? or * to list all spells.
Something misses your butterfly.
Wield which item (- for none, * to show all)? (? for menu, Esc to quit)
Your +0 short sword of venom begins to drip with poison!
a - a +0 short sword of venom (weapon)
You swap places.
The centaur completely misses you.
You barely miss the centaur. The centaur hits you.
* * * LOW HITPOINT WARNING * * *
The centaur hits you.
You die...

.#... # #.$... #.
...... #.### #......
#. #...# ...??..
#.#.#.#.##...[... .#
#.#..b..b#....... ...
#.#####bb@c......
....#.......b...#....
#.........#bb#.... .
#.........<.bb.####
#............#.#
#..............#
###.......##......
.........#....>.##
##########.#..#...


You could see a centaur.

Vanquished Creatures
  A centaur (D:4)
  A scorpion (D:4)
  A hound (D:4)
  3 worker ants (D:4)
  2 adders
  An ooze (D:2)
  A worm (D:2)
  A leopard gecko (D:1)
  2 orcs (D:3)
  A bat (D:2)
  A giant cockroach (D:3)
  3 hobgoblins
  3 frilled lizards
  4 kobolds
  A rat (D:2)
26 creatures vanquished.

Notes
Turn   | Place    | Note
-------+----------+-------------------------------------------
     0 | D:1      | tidbits the High Elf Wanderer began the quest for the Orb.
     0 | D:1      | tidbits set off with: a +2 spear, a +0 hand axe, Sif Muna's Volume of Companions, a +0 robe, a bread ration
     0 | D:1      | Reached XP level 1. HP: 16/16 MP: 6/6
     0 | D:1      | Identified Sif Muna's Volume of Companions
     2 | D:1      | Learned a level 1 spell: Summon Butterflies
   136 | D:1      | Reached skill level 1 in Dodging
   150 | D:2      | Reached skill level 2 in Dodging
   150 | D:2      | Reached XP level 2. HP: 19/21 MP: 7/7
   386 | D:2      | Reached XP level 3. HP: 23/26 MP: 9/9
   403 | D:4      | Noticed a scorpion
   410 | D:4      | Killed a scorpion
   410 | D:4      | Reached skill level 4 in Dodging
   410 | D:4      | Reached XP level 4. HP: 26/31 MP: 10/10
   419 | D:4      | Found Naleogiado's Jewellery Boutique.
   421 | D:4      | Noticed a centaur
   438 | D:4      | HP: 3/31 [centaur (1)]
   438 | D:4      | HP: 1/31 [centaur (2)]
   440 | D:4      | Killed a centaur
   440 | D:4      | Reached skill level 5 in Dodging
   440 | D:4      | Reached XP level 5. HP: 2/36 MP: 11/11
   786 | D:4      | Reached skill level 6 in Dodging
   815 | D:4      | Noticed an orc warrior
   911 | D:3      | Found a glowing silver altar of Zin.
   939 | D:3      | Found a blossoming altar of Fedhas.
  1014 | D:4      | Noticed Grinder
  1014 | D:4      | Paralysed by Grinder for 4 turns
  1024 | D:4      | Reached XP level 6. HP: 19/42 MP: 12/12
  1042 | D:5      | Entered Level 5 of the Dungeon
  1063 | D:5      | Learned a level 3 spell: Call Canine Familiar
  1071 | D:5      | HP: 4/42 [centaur (6)]
  1071 | D:5      | Slain by a centaur

Skill      XL: |  1  2  3  4  5 |
---------------+----------------+-----
Dodging        | 2 4 5 6 |  6.5
Fighting       | |  3.0
Shields        | |  1.0
Spellcasting   | |  3.6
Summonings     | |  1.7
Evocations     | |  1.0

Action                   |  1- 3 |  4- 6 || total
-------------------------+-------+-------++-------
Melee: Short sword       |    28 |    40 ||    68
       Spear             |     1 |       ||     1
 Fire: Shortbow          |       |     7 ||     7
Throw: Javelin           |     3 |     2 ||     5
 Cast: Summon Butterflie |       |     4 ||     4
  Use: Potion            |       |     2 ||     2
       Scroll            |       |     1 ||     1
Armor: Ring mail         |     9 |    16 ||    25
       Robe              |     1 |       ||     1
Dodge: Dodged            |    15 |    38 ||    53

Table legend:
 A = Turns spent in this place as a percentage of turns spent in the entire game.
 B = Non-inter-level travel turns spent in this place as a percentage of non-inter-level travel turns spent in the entire game.
 C = Inter-level travel turns spent in this place as a percentage of turns spent in this place.
 D = Turns resting spent in this place as a percentage of non-inter-level travel turns spent in this place.
 E = Turns spent auto-exploring this place as a percentage of non-inter-level travel turns spent in this place.
 F = Non-inter-level travel turns spent in this place divided by the number of levels of this place that you've seen.
                   A       B       C       D       E      F
               +-------+-------+-------+-------+-------+----------------------
         Total | 100.0 | 100.0 |   0.1 |   0.3 |   0.0 | 144.0
       Dungeon | 100.0 | 100.0 |   0.1 |   0.3 |   0.0 | 144.0
               +-------+-------+-------+-------+-------+----------------------

Table legend:
 A = Kills in this place as a percentage of kills in entire the game.
 B = Kills by you in this place as a percentage of kills by you in the entire game.
 C = Kills by friends in this place as a percentage of kills by friends in the entire game.
 D = Other kills in this place as a percentage of other kills in the entire game.
 E = Experience gained in this place as a percentage of experience gained in the entire game.
 F = Experience gained in this place divided by the number of levels of this place that you have seen.
                   A       B       C       D       E      F
               +-------+-------+-------+-------+-------+----------------------
         Total | 100.0 | 100.0 |  -nan |  -nan | 100.0 |  77.2
       Dungeon | 100.0 | 100.0 |  -nan |  -nan | 100.0 |  77.2
               +-------+-------+-------+-------+-------+----------------------

Vault maps used:
D:1:      lightli_arrival_boilingwater
D:3:      nicolae_overflow_crystal_walls, okawaru_altar_gauntlet_db,
          glass_columns_b, fedhas_altar_1
D:4:      serial_shops, shop, first_bread, minmay_liquid_box, uniq_grinder
D:5:      lemuel_ratsnest, grunt_temple_overflow_diamond
